AoeStats
← Yann926

Arena

509112647Analyzed
4v4 RM · 5d ago on Sep 25, 2026· 52m 31s· 8 players
Game mode
Random Map
Map size
Large (8 player)
Population
200
Speed
Normal
Resources
Standard
Victory
Conquest
Starting age
Dark Age
Ending age
Imperial Age
RankedLock teamsTeams togetherTeam positionsShared explorationLock speedFull tech treeHidden civsTurbo modeCheats
Victory
Defeat
🇹🇼 Khmer · Taiwan
1076
+17
🇨🇳 Varangians · China
1060
+17
🇹🇼 Wu · Taiwan
976
+20
🇨🇳 Goths · China
954
+21
🇪🇸 Wu · Spain
1120
-20
🇭🇰 Saracens · Hong Kong SAR China
1118
-20
🇵🇰 Bohemians · Pakistan
1079
-19
🇯🇵 Cumans · Japan
1015
-16
NSN WAJID
13:14 Feudal Age
11:29 Loom
16:28 Wheelbarrow
15:39 Double-Bit Axe
15:37 Horse Collar
19:12 Castle Age
20:34 Hand Cart
23:19 Fletching
24:23 Bow Saw
31:20 Imperial Age
31:18 Chemistry
30:41 Ballistics
31:50 Pikeman
32:33 Halberdier
34:42 Elite Skirmisher
36:01 Squires
35:46 Arson
36:20 Scale Mail Armor
36:31 Forging
Walter2000
8:39 Feudal Age
9:45 Double-Bit Axe
12:46 Horse Collar
17:37 Loom
19:53 Castle Age
20:02 Fletching
21:09 Bodkin Arrow
23:22 Heavy Plow
24:03 Bow Saw
25:46 Wheelbarrow
30:01 Imperial Age
28:11 Padded Archer Armor
28:10 Gold Mining
29:34 Leather Archer Armor
33:07 Chemistry
32:49 Leather Archer Armor
32:47 Steppe Husbandry
33:12 Hand Cart
33:15 Stone Mining
33:46 Town Watch
34:43 Ballistics
37:20 Ring Archer Armor
36:49 Capped Ram
38:09 Gold Shaft Mining
40:48 Bloodlines
40:46 Cuman Mercenaries
41:07 Conscription
40:09 Elite Kipchak
40:57 Thumb Ring
41:18 Parthian Tactics
40:41 Siege Ram
43:16 Forging
43:33 Scale Barding Armor
45:18 Iron Casting
45:04 Chain Barding Armor
44:38 Elite Steppe Lancer
47:07 Two-Man Saw
47:45 Blast Furnace
47:21 Plate Barding Armor
48:36 Light Cavalry
50:20 Hussar
HeHe
12:26 Feudal Age
16:03 Castle Age
13:51 Horse Collar
13:59 Double-Bit Axe
14:24 Horse Collar
17:12 Bow Saw
17:02 Heavy Plow
17:58 Wheelbarrow
18:24 Stone Mining
23:21 Loom
29:11 Imperial Age
26:44 Town Watch
27:45 Gold Mining
28:17 Hand Cart
28:37 Forging
28:32 Husbandry
29:11 Scale Barding Armor
29:52 Bloodlines
31:12 Chemistry
30:37 Conscription
31:40 Bimaristan
32:16 Iron Casting
32:01 Chain Barding Armor
31:04 Light Cavalry
32:51 Masonry
33:11 Atonement
33:23 Fervor
33:34 Sanctity
33:59 Coinage
34:07 Elite Mameluke
35:52 Banking
36:03 Hoardings
37:11 Blast Furnace
36:46 Plate Barding Armor
38:59 Fortified Wall
39:09 Ballistics
38:55 Siege Engineers
40:05 Two-Man Saw
39:08 Town Patrol
40:22 Murder Holes
47:23 Fletching
48:12 Plate Barding Armor
48:12 Bodkin Arrow
49:54 Hussar
51:00 Elite Skirmisher
51:45 Padded Archer Armor
Mameluco adbuser
1:53 Loom
11:15 Feudal Age
15:36 Castle Age
14:30 Double-Bit Axe
15:10 Horse Collar
18:27 Fletching
23:24 Bodkin Arrow
24:31 Bodkin Arrow
27:08 Gold Mining
29:14 Ballistics
40:34 Wheelbarrow
40:23 Bow Saw
42:34 Town Watch
43:00 Pikeman
43:42 Squires
44:36 Scale Mail Armor
44:48 Forging
44:27 Arson
48:15 Chain Mail Armor
hello are you ok
1:09 Loom
10:51 Feudal Age
14:14 Castle Age
12:16 Double-Bit Axe
12:58 Horse Collar
13:44 Stone Mining
16:14 Bow Saw
22:00 Town Watch
26:08 Heavy Plow
26:05 Gold Mining
27:17 Stone Shaft Mining
26:56 Scale Barding Armor
27:02 Forging
29:33 Imperial Age
27:35 Forging
27:27 Husbandry
27:38 Bloodlines
28:16 Wheelbarrow
28:25 Chain Barding Armor
29:09 Tusk Swords
30:00 Gold Shaft Mining
30:08 Hand Cart
30:49 Plate Barding Armor
30:37 Conscription
29:39 Elite Battle Elephant
31:56 Crop Rotation
32:30 Iron Casting
32:42 Fletching
32:53 Padded Archer Armor
34:41 Town Patrol
35:21 Pikeman
35:46 Arson
36:53 Hoardings
38:35 Elite Skirmisher
41:11 Blast Furnace
40:07 Bodkin Arrow
40:27 Leather Archer Armor
42:37 Chemistry
41:58 Ballistics
41:49 Fortified Wall
41:35 Murder Holes
41:40 Light Cavalry
42:24 Scale Mail Armor
43:28 Halberdier
44:47 Hussar
45:30 Double Crossbow
48:50 Bracer
49:06 Chain Mail Armor
49:21 Ring Archer Armor
yam70018
10:50 Feudal Age
14:53 Castle Age
13:31 Double-Bit Axe
13:34 Horse Collar
18:53 Loom
18:53 Town Watch
18:57 Loom
19:31 Fletching
21:38 Bodkin Arrow
29:38 Red Cliffs Tactics
32:04 Heavy Plow
34:23 Padded Archer Armor
34:54 Scale Mail Armor
35:04 Forging
36:06 Ballistics
35:57 Masonry
37:30 Leather Archer Armor
38:29 Wheelbarrow
37:53 Gold Mining
40:26 Chain Mail Armor
40:47 Iron Casting
43:14 Gold Shaft Mining
42:30 Stone Mining
47:01 Imperial Age
44:32 Town Patrol
44:48 Hand Cart
45:48 Squires
45:34 Arson
48:20 Conscription
47:20 Elite Fire Archer
48:04 Bracer
49:05 Blast Furnace
48:35 Plate Mail Armor
Yann926
10:03 Feudal Age
9:00 Loom
14:03 Castle Age
12:41 Double-Bit Axe
12:54 Horse Collar
14:09 Loom
16:00 Town Watch
22:55 Wheelbarrow
28:56 Hand Cart
31:54 Imperial Age
30:11 Vendel Legacy
31:02 Scale Barding Armor
31:09 Forging
32:59 Conscription
33:15 Bow Saw
33:44 Husbandry
33:05 Cavalier
34:12 Chain Barding Armor
34:54 Gold Mining
35:24 Bloodlines
36:45 Plate Barding Armor
36:46 Iron Casting
37:07 Heavy Plow
37:22 Light Cavalry
39:34 Scale Mail Armor
40:35 Blast Furnace
39:00 Elite Varangian Guard
40:30 Arson
42:35 Conscription
52:51 Squires
Noob
10:58 Feudal Age
16:13 Castle Age
14:31 Horse Collar
14:48 Double-Bit Axe
21:06 Bow Saw
23:21 Wheelbarrow
24:07 Heavy Plow
25:13 Hand Cart
27:08 Squires
26:34 Man-at-Arms
29:58 Imperial Age
30:20 Imperial Age
29:13 Caravan
30:14 Anarchy
30:01 Pikeman
31:00 Forging
30:51 Scale Mail Armor
30:23 Long Swordsman
31:33 Halberdier
31:52 Two-Handed Swordsman
33:08 Gold Mining
34:50 Two-Man Saw
34:23 Crop Rotation
35:34 Iron Casting
35:15 Chain Mail Armor
34:35 Champion
38:06 Blast Furnace
Connection lost

Rejoining the realm…

Still unreachable

The connection could not be restored.

Session expired

The server has moved on; the page needs a fresh start.